 Dungeon Crawl Stone Soup version 0.18-a0-739-gdae9da8 (webtiles) character file.

114 4thArraOfDagon the Ruffian (level 4, -3/39 HPs)
             Began as a Troll Earth Elementalist on Dec 10, 2015.
             Killed from afar by an orc wizard (10 damage)
             ... with a puff of flame
             ... on level 5 of the Dungeon.
             The game lasted 00:03:39 (724 turns).

4thArraOfDagon the Ruffian (TrEE)                    Turns: 724, Time: 00:03:39

Health: -3/39      AC:  5    Str: 21      XL:     4   Next: 67%
Magic:  5/5        EV:  9    Int: 12      God:
Gold:   26         SH:  0    Dex:  8 (10) Spells: 2 memorised, 2 levels left

rFire  . . .     SeeInvis .       - Unarmed
rCold  . . .     Clarity  .     a - +0 robe
rNeg   . . .     SustAt   .     (no shield)
rPois  .         Gourm    +     (helmet restricted)
rElec  .         Spirit   .     (no cloak)
rCorr  .         Dismiss  .     (gloves unavailable)
rMut   .         Stasis   .     (boots unavailable)
MR     .....                    (no amulet)
Stlth  +.........               (no ring)
                                g - ring of flight

@: mighty, not resistant to hostile enchantments, very unstealthy
A: unfitting armour, beak, claws 3, fast metabolism 3, gourmand, high mp 1,
regeneration 2, shaggy fur 1, tough skin 2, evolution 1
a: Evoke Flight


You were on level 5 of the Dungeon.
You were full.

You visited 1 branch of the dungeon, and saw 5 of its levels.

You collected 53 gold pieces.
You spent 27 gold pieces at shops.

Inventory:

Missiles
 b - 20 stones (quivered)
Armour
 a - a +0 robe (worn)
Jewellery
 g - a ring of flight (left claw)
Books
 c - a book of Geomancy

   Spells                             Type                      Level
   a - Sandblast                      Earth                        1
   b - Stoneskin                      Transmutation/Earth          2
   c - Passwall                       Transmutation/Earth          3
   d - Stone Arrow                    Conjuration/Earth            3
   e - Petrify                        Transmutation/Earth          4
   f - Lee's Rapid Deconstruction     Earth                        5
Comestibles
 d - 2 bread rations
 f - 4 fruits


   Skills:
 - Level 1.5 Dodging
 - Level 1.1 Stealth
 * Level 4.4 Unarmed Combat
 - Level 1.2 Spellcasting
 - Level 0.6 Transmutations
 - Level 2.6 Earth Magic


You had 2 spell levels left.
You knew the following spells:

 Your Spells              Type           Power        Failure   Level  Hunger
a - Sandblast             Erth           #.....       12%         1    ##.....
b - Stoneskin             Trmt/Erth      #.......     28%         2    ###....


Dungeon Overview and Level Annotations

Branches:
Dungeon (5/15)
 Temple: D:4-7

Altars:

Shops:
D:5 !

Annotations:
D:3 Yakui's ghost, amateur MfGl


Innate Abilities, Weirdness & Mutations

You are too large for most types of armour.
You have claws for hands.
Your metabolism is lightning-fast.
You like to eat raw meat.
You heal very quickly.
You are covered in fur (AC +1).
You have very tough skin (AC +2).
You have a beak for a mouth.
You have an increased reservoir of magic (+10% MP).
You evolve.


Message History

You hear some strange, mumbled words.
A magic dart appears from out of thin air!
The magic dart hits you!
You claw something!
You hear some strange, mumbled words.
You scratch something. Your peck misses something. Something hits you.
* * * LOW HITPOINT WARNING * * *
You closely miss something. Something hits you but does no damage.
Something hits you but does no damage.
You scratch something.
You hear some strange, mumbled words.
A puff of flame appears from out of thin air!
The puff of flame hits you!
* * * LOW HITPOINT WARNING * * *
Unknown command.
You closely miss something.
You hear some strange, mumbled words.
A puff of flame appears from out of thin air!
The puff of flame hits you!
You die...

##.....o........#
....###.Y#
......####.####.#
....)..<.#
##>#..##....o...####
....###.##
....∩.#...#.#..o...# # #.#
##....)...#.#.####.#.####
#.#
.....>....................
...
#.#.........#.##o#...#.###
#.#
#.....<...#.#.##{#.....#
#.#
.......#.##.#.##@#.#####
#.# .......#.##.(....#.#
.....#.#.####.##...#
..#......# # #.###
.......# #.# ?......# #+#
........


You could see an orc.

Vanquished Creatures
  An orc priest (D:5)
  A centaur skeleton (D:4)
  An orc wizard (D:5)
  A hound skeleton (D:4)
  An ooze (D:3)
  A worm (D:3)
  A giant gecko (D:3)
  3 orcs
  A ball python (D:2)
  A jackal (D:3)
  A giant newt (D:4)
  A goblin (D:1)
14 creatures vanquished.

Notes
Turn   | Place    | Note
--------------------------------------------------------------
     0 | D:1      | 4thArraOfDagon the Troll Earth Elementalist began the quest for the Orb.
     0 | D:1      | Reached XP level 1. HP: 16/16 MP: 1/1
     0 | D:1      | nope
   236 | D:3      | Reached skill level 1 in Unarmed Combat
   265 | D:3      | Reached XP level 2. HP: 24/24 MP: 2/2
   274 | D:3      | Learned a level 2 spell: Stoneskin
   366 | D:3      | Noticed Yakui's ghost (amateur MfGl)
   460 | D:4      | Reached skill level 3 in Unarmed Combat
   460 | D:4      | Reached XP level 3. HP: 19/31 MP: 3/3
   570 | D:5      | Entered Level 5 of the Dungeon
   570 | D:5      | Noticed an ice beast
   663 | D:5      | Found Dipsulitee's Distillery.
   668 | D:5      | Bought a potion of mutation for 27 gold pieces
   668 | D:5      | Gained mutation: You have a beak for a mouth. [potion of mutation]
   668 | D:5      | Gained mutation: You have an increased reservoir of magic (+10% MP). [potion of mutation]
   668 | D:5      | Gained mutation: You evolve. [potion of mutation]
   675 | D:5      | Reached skill level 4 in Unarmed Combat
   675 | D:5      | Reached XP level 4. HP: 20/39 MP: 3/5
   724 | D:5      | Killed from afar by an orc wizard

Vault maps used:
D:1:      zelgadis_glass_arrival_small, kennysheep_flooded_box
D:2:      uniq_terence
D:4:      grunt_decor_mini_mirrors
D:5:      kennysheep_mini, first_bread, serial_shops, shop

Action                   |  1- 3 |  4- 6 || total
-------------------------+-------+-------++-------
Melee: Unarmed           |    37 |    13 ||    50
  Use: Potion            |     5 |     1 ||     6
       Scroll            |     1 |       ||     1
  Eat: Chunk             |     5 |     3 ||     8
